 Dungeon Crawl Stone Soup version 0.30-a0-711-gf4ac18a38d (webtiles) character file.

Game seed: 9910507968429064710

112 Leeroy the Slasher (level 4, -1/26 HPs)
             Began as a Tengu Warper on Jan 22, 2023.
             Splashed by a jelly's acid (10 damage)
             ... on level 5 of the Dungeon.
             The game lasted 00:03:25 (2911 turns).

Leeroy the Slasher (Tengu Warper)                   Turns: 2911, Time: 00:03:25

Health: -1/26      AC:  4    Str: 11    XL:     4   Next: 93%
Magic:  8/8        EV: 12    Int: 14    God:
Gold:   153        SH:  0    Dex: 15    Spells: 2/7 levels left

rFire   . . .      SeeInvis .    o - +1 dagger (venom)
rCold   . . .      Faith    .    (no shield)
rNeg    . . .      Spirit   .    b - +0 leather armour
rPois   .          Reflect  .    (helmet restricted)
rElec   .          Harm     .    (no cloak)
rCorr   .          Rampage  .    n - +0 pair of gloves
Will    .....                    (boots unavailable)
Stlth   +                        (no amulet)
HPRegen 0.24/turn                (no ring)
MPRegen 0.11/turn                (no ring)

@: no status effects
A: beak, talons 3
a: no special abilities


You were on level 5 of the Dungeon.
You visited 1 branch of the dungeon, and saw 5 of its levels.

You collected 153 gold pieces.

Inventory:

Hand Weapons
 a - a +0 falchion
 o - a +1 dagger of venom (weapon)
Missiles
 d - 7 boomerangs of dispersal (quivered)
Armour
 b - a +0 leather armour (worn)
 n - a +0 pair of gloves (worn)
 p - a +0 buckler
 r - a +0 ring mail
Wands
 u - a wand of flame (32)
Scrolls
 c - 3 scrolls of blinking
 g - 3 scrolls of identify {unknown}
 j - a scroll of fear {unknown}
 l - a scroll of immolation {unknown}
 q - a scroll of brand weapon {unknown}
 s - a scroll of fog {unknown}
Potions
 e - a potion of flight {unknown}
 f - a potion of heal wounds {unknown}
 h - a potion of attraction {unknown}
 i - 2 potions of lignification {unknown}
 k - a potion of invisibility {unknown}
 m - 3 potions of curing {unknown}
 t - a potion of haste {unknown}


   Skills:
 - Level 2.0 Fighting
 + Level 5.4 Long Blades
 - Level 1.0 Throwing
 - Level 1.1 Armour
 - Level 2.1 Dodging
 - Level 2.0 Spellcasting
 - Level 2.4 Translocations


You had 2 spell levels left.
You knew the following spells:

 Your Spells              Type           Power      Damage    Failure   Level
a - Blink                 Tloc           16%        N/A       19%         2
b - Vhi's Electric Charg  Tloc/Air       8%         N/A       50%         3

Your spell library contained the following spells:

 Spells                   Type           Power      Damage    Failure   Level
 Lesser Beckoning         Tloc           16%        N/A       19%         2
 Shock                    Conj/Air       4%         1d3       30%         1
 Gell's Gravitas          Tloc           8%         N/A       34%         3
 Teleport Other           Tloc           8%         N/A       34%         3
 Swiftness                Air            1%         N/A       67%         3
 Manifold Assault         Tloc           8%         N/A       75%         4
 Airstrike                Air            0%         2d(1-17)  97%         4
 Dispersal                Tloc           4%         N/A       100%        6


Dungeon Overview and Level Annotations

Branches:
Dungeon (5/15)
 Temple: D:4-7

Altars:
Gozag

Shops:
D:2 :

Annotations:
D:3 3 runed translucent doors, 79bit's ghost, weakling DsHW; Dominolapin's ghost, amateur DsFi; Leeroy's ghost, amateur TeWr; decrepitude's ghost, amateur DrIE


Innate Abilities, Weirdness & Mutations

You have a beak for a mouth.
You have claws for feet.


Message History

A jelly comes into view.
The jelly quivers.
A black bear comes into view.
You barely miss the ogre. You claw the ogre, but do no damage.
The jelly jiggles.
The ogre hits you with a +0 giant spiked club!!
Ouch! That really hurt!
* * * LOW HITPOINT WARNING * * *
Things that are here:
a +0 club; a goblin corpse The jelly hits you but does no damage.
The black bear attacks as you move away!
The black bear misses you. The black bear claws you.
* * * LOW HITPOINT WARNING * * *
The black bear claws you but does no damage.
The jelly attacks as you move away! The jelly hits you but does no damage.
Okay, then.
Casting: Blink (safe; 19% risk of failure)
Confirm with . or Enter, or press ? or * to list all spells.
You blink.
You feel stable enough to blink again.
You open the door.
There is an open door here.
Found an orange potion.
Okay, then.
Press: ? - help, v - describe, . - travel
Here: a jelly The floor.
There is a stone staircase leading down here.
The jelly hits you but does no damage.
You climb downwards.
Found a stone staircase leading up.
There is a stone staircase leading up here.
You open the door. The jelly closely misses you.
Found a glowing ruby potion.
There is an open door here.
You hit the jelly.
Your hands burn!
You claw the jelly. You peck the jelly.
The jelly is heavily wounded.
The jelly hits you.
You are splashed with acid!
You die...

#.# ##.##
....# ...
..! #.# #.#
#@# ##J##
#..<#
#.....#
#...s....
#.........#
+.........+
#.....<...#
##.........


You could see a scorpion and a jelly.

Vanquished Creatures
  A jelly (D:4)
  2 adders
  A worm (D:3)
  5 dart slugs
  An orc (D:4)
  5 ball pythons
  3 bats
  3 endoplasms
  3 giant cockroaches
  4 goblins
  5 hobgoblins
  2 jackals (D:3)
  4 quokkas
  4 kobolds
  5 rats
48 creatures vanquished.

Notes
Turn   | Place    | Note
-------+----------+-------------------------------------------
     0 | D:1      | Leeroy the Tengu Warper began the quest for the Orb.
     0 | D:1      | Reached XP level 1. HP: 12/12 MP: 4/4
   220 | D:1      | Reached XP level 2. HP: 17/17 MP: 6/6
   395 | D:1      | Reached skill level 3 in Long Blades
  1229 | D:2      | Found Fiutwyaq's Vocational Training.
  1347 | D:2      | Reached XP level 3. HP: 21/21 MP: 7/7
  1350 | D:2      | You fall into a shaft and drop 1 floor!
  1402 | D:3      | Reached skill level 4 in Long Blades
  1430 | D:3      | Found a runed translucent gate.
  1430 | D:3      | Found a runed translucent gate.
  1430 | D:3      | Found a runed translucent gate.
  1432 | D:3      | Noticed Dominolapin's ghost (amateur DsFi)
  1432 | D:3      | Noticed 79bit's ghost (weakling DsHW)
  1433 | D:3      | Noticed Leeroy's ghost (amateur TeWr)
  1433 | D:3      | Noticed decrepitude's ghost (amateur DrIE)
  1967 | D:3      | Found a faded altar of an unknown god.
  2224 | D:3      | Learned a level 2 spell: Blink
  2228 | D:3      | Learned a level 3 spell: Vhi's Electric Charge
  2377 | D:3      | Reached XP level 4. HP: 26/26 MP: 8/8
  2582 | D:4      | Reached skill level 5 in Long Blades
  2828 | D:4      | Found an opulent altar of Gozag.
  2854 | D:4      | Noticed an ogre
  2861 | D:4      | Noticed a black bear
  2907 | D:5      | Entered Level 5 of the Dungeon
  2907 | D:5      | Noticed a scorpion
  2911 | D:5      | Splashed by a jelly's acid

Illustrated notes

Levels and vault maps discovered:
D:1:      eino_arrival_cavern_b, layout_basic, due_unseen_surprise
D:2:      layout_basic, nicolae_shop_vocational
D:3:      layout_basic, ebering_ecumenical_altar_mist, gammafunk_ghost_cemetery,
          grunt_ministairs_14
D:4:      layout_gridville, grunt_gozag_breadcrumbs,
          minmay_temple_entry_drinking_statues, biasface_ghost_orc_armoury,
          uniq_blork_the_orc
D:5:      layout_loops_corners, makhleb_altar_promises_db,
          dancing_weapons_uskayaw, uniq_sigmund

Skill      XL: |  1  2  3  4 |
---------------+-------------+-----
Long Blades    | 3 4 5 |  5.4
Fighting       | |  2.0
Throwing       | |  1.0
Armour         | |  1.1
Dodging        | |  2.1
Spellcasting   | |  2.0
Translocations | |  2.4

Action                     |  1- 3 |  4- 6 || total
---------------------------+-------+-------++-------
  Melee: Falchion          |    33 |       ||    33
         Kick              |    14 |     8 ||    22
         Dagger            |    47 |    23 ||    70
         Peck              |    12 |     2 ||    14
   Cast: Blink             |       |     2 ||     2
   Stab: Sleeping          |     1 |       ||     1
 Armour: Leather armour    |    29 |    11 ||    40
  Dodge: Dodged            |    42 |    10 ||    52

Table legend: (Time is in decaauts)
 A = Elapsed time spent in this place.
 B = Non-inter-level travel time spent in this place.
 C = Inter-level travel time spent in this place.
 D = Time resting spent in this place.
 E = Time spent auto-exploring this place.
 F = Levels seen in this place.
 G = Mean time per level.
                   A        B        C        D        E       F      G
               +--------+--------+--------+--------+--------+-----+--------+
         Total |   2907 |   2770 |    137 |      0 |   2363 |   5 |  581.4 |
       Dungeon |   2907 |   2770 |    137 |      0 |   2363 |   5 |  581.4 |
               +--------+--------+--------+--------+--------+-----+--------+

Top non-repeatable levels by time:
     D:1: 897 daAuts
     D:2: 844 daAuts
     D:3: 809 daAuts
     D:4: 352 daAuts
     D:5: 3 daAuts
